 Dungeon Crawl Stone Soup version 0.19.1-1-g22dce08 (webtiles) character file.

100 SQman the Skirmisher (level 4, -4/40 HPs)
             Began as a Centaur Fighter on Dec 28, 2016.
             Killed by nerve-wracking pain
             ... invoked by an orc priest
              (12 damage)
             ... on level 3 of the Dungeon.
             The game lasted 00:10:40 (2347 turns).

SQman the Skirmisher (Centaur Fighter)              Turns: 2347, Time: 00:10:40

Health: -4/40      AC:  7    Str: 24    XL:     4   Next: 46%
Magic:  4/4        EV:  5    Int:  7    God:
Gold:   167        SH:  9    Dex:  9    Spells: 0 memorised, 3 levels left

rFire  + . .     SeeInvis .     a - +0 long sword
rCold  x . .     Gourm    .     b - +0 scale mail
rNeg   . . .     Faith    .     c - +0 shield
rPois  .         Spirit   .     j - +0 helmet
rElec  .         Reflect  .     (no cloak)
rCorr  .         Harm     .     (no gloves)
MR     .....                    (no barding)
Stlth  ..........               i - amulet of rage
                                (no ring)
                                l - ring of fire

@: mighty, very quick
A: hooves 3, deformed body, speed 2, tough skin 3
a: Evoke Berserk Rage


You were on level 3 of the Dungeon.
You were not hungry.

You visited 1 branch of the dungeon, and saw 3 of its levels.

You collected 167 gold pieces.

Inventory:

Hand Weapons
 a - a +0 long sword (weapon)
Armour
 b - a +0 scale mail (worn)
 c - a +0 shield (worn)
 j - a +0 helmet (worn)
Jewellery
 i - an amulet of rage (around neck)
 l - a ring of fire (left hand)
Scrolls
 e - a scroll of teleportation
 k - 4 scrolls of identify
 n - a scroll of amnesia
Potions
 d - a potion of might
 m - a potion of curing
Comestibles
 f - a bread ration
 g - 5 chunks of flesh
 h - 2 meat rations


   Skills:
 + Level 3.8 Fighting
 + Level 2.5 Long Blades
 + Level 2.7 Armour
 + Level 0.2 Dodging
 + Level 2.5 Shields


You had 3 spell levels left.
You didn't know any spells.

Dungeon Overview and Level Annotations

Branches:
Dungeon (3/15)

Altars:
Ashenzari
Gozag


Innate Abilities, Weirdness & Mutations

You have hooves in place of feet.
Armour fits poorly on your strangely shaped body.
You cover ground very quickly.
You have extremely tough skin. (AC +3)


Message History

The orc priest hits you but does no damage.
You closely miss the orc priest. Your kick misses the orc priest.
The orc barely misses you.
You riposte.
You slash the orc!
You kill the orc!
The orc hits you with a dagger.
* * * LOW HITPOINT WARNING * * *
You block the orc priest's attack. The orc hits you with a dagger.
* * * LOW HITPOINT WARNING * * *
Unknown command.
Unknown command.
You slash the orc!
You kill the orc!
The orc priest hits you with a hand axe.
* * * LOW HITPOINT WARNING * * *
The orc priest closely misses you. The orc hits you but does no damage.
The orc priest calls upon Beogh to heal the orc.
The orc's wounds heal themselves!
The orc priest calls down the wrath of Beogh upon you.
Pain shoots through your body!
You die...

........# *,....#*,,,*
........# #...####.,,*
'##.....# #........,,*
.##.....########......#.,**
.##.....##........#.....,*
.#########............##,*
.#### #..............,*
....# #.....oo†.....#**
..#.### #......@o#***.#
).._..# #........# *.#
.##.#.# #######'## *.#
.##...# #.# *.# .....#####
#.# *.# .##......# #.#
###.#
.##......#######'###...#
.##..................###
.##........[.........#


You could see 2 orc priests and an orc.

Vanquished Creatures
  A gnoll (D:1)
  2 adders (D:2)
  An ooze (D:2)
  2 dart slugs (D:1)
  2 leopard geckos
  2 orcs (D:3)
  A ball python (D:2)
  4 giant cockroaches
  14 goblins
  2 hobgoblins
  9 bats
  8 frilled lizards
  7 kobolds
  9 rats
64 creatures vanquished.

Notes
Turn   | Place    | Note
-------+----------+-------------------------------------------
     0 | D:1      | SQman the Centaur Fighter began the quest for the Orb.
     0 | D:1      | Reached XP level 1. HP: 19/19 MP: 1/1
    96 | D:1      | Reached XP level 2. HP: 17/26 MP: 2/2
   426 | D:1      | Reached XP level 3. HP: 31/31 MP: 3/3
  1512 | D:2      | Reached XP level 4. HP: 39/40 MP: 4/4
  1560 | D:2      | Found a shattered altar of Ashenzari.
  2001 | D:3      | Found an opulent altar of Gozag.
  2347 | D:3      | Killed from afar by an orc priest

Skill      XL: |  1 |
---------------+----+-----
Long Blades    | 2 |  2.5
Fighting       | |  3.8
Armour         | |  2.7
Dodging        | |  0.2
Shields        | |  2.5

Action                   |  1- 3 |  4- 6 || total
-------------------------+-------+-------++-------
Melee: Long sword        |   112 |    49 ||   161
       Kick              |    19 |    14 ||    33
  Use: Scroll            |     5 |     2 ||     7
       Potion            |     3 |     3 ||     6
  Eat: Chunk             |       |     3 ||     3
Armor: Scale mail        |    93 |    22 ||   115
Dodge: Dodged            |    42 |    13 ||    55
Block: Shield            |    62 |    29 ||    91
       Rpst.: Long sword |    12 |     7 ||    19
